 Dungeon Crawl Stone Soup version 0.21-a0-237-g87df72b (webtiles) character file.

675486 nikopol the Conqueror (level 27, -10/273 HPs)
             Began as a Minotaur Berserker on Aug 29, 2017.
             Was a High Priest of Trog.
             Mangled by a reaper
             ... wielding a +6 scythe of freezing
             ... created by the effects of Hell
              (23 damage)
             ... on level 7 of Gehenna on Sept 2, 2017.
             The game lasted 06:07:31 (81796 turns).

nikopol the Conqueror (Minotaur Berserker)         Turns: 81796, Time: 06:07:32

Health: -10/273    AC: 45    Str: 26    XL:     27
Magic:  0/7        EV: 17    Int:  4    God:    Trog [*****.]
Gold:   4964       SH:  0    Dex: 23    Spells: 31/31 levels left

rFire    + + +     SeeInvis +   a - +9 executioner's axe (antimagic)
rCold    + . .     Gourm    .   (shield currently unavailable)
rNeg     . . .     Faith    .   g - +6 gold dragon scales
rPois    +         Spirit   +   (helmet restricted)
rElec    +         Reflect  .   x - +2 cloak {+Inv}
rCorr    .         Harm     .   y - +2 pair of gloves {archery}
MR       +++..                  F - +2 pair of boots
Stlth    ..........             w - amulet of guardian spirit
HPRegen  0.55/turn              C - ring "Honiasic" {MR+ EV+2}
MPRegen  0.10/turn              k - ring "Myss" {rElec rF++ Dex+4 SInv}

@: studying 2 skills
A: retaliatory headbutt, horns 2, low mp 1, screaming 1
}: 3/15 runes: decaying, silver, gossamer
a: Berserk, Trog's Hand, Brothers in Arms, Burn Spellbooks, Renounce Religion,
Evoke Invisibility


You were on level 7 of Gehenna.
You worshipped Trog.
Trog was extremely pleased with you.
You were hungry.

You visited 11 branches of the dungeon, and saw 55 of its levels.
You visited 1 bazaar.
You also visited: Labyrinth, Ice Cave and Desolation.

You collected 7346 gold pieces.
You spent 2382 gold pieces at shops.

Inventory:

Hand Weapons
 a - a +9 antimagic executioner's axe (weapon)
 z - a +9 longbow of velocity
 L - the +11 battleaxe of the Feather {chop, rF- rN+ Str+6 Dex+2}
   (Trog gifted it to you on level 2 of the Vaults)

   It inflicts extra damage upon your enemies.
   It affects your strength (+6).
   It affects your dexterity (+2).
   It makes you vulnerable to fire.
   It protects you from negative energy.
Missiles
 n - 1818 arrows (quivered)
Armour
 g - +6 gold dragon scales (worn)
 x - a +2 cloak of invisibility (worn)
 y - a +2 pair of gloves of archery (worn)
 F - a +2 pair of boots (worn)
Jewellery
 k - the ring "Myss" (right hand) {rElec rF++ Dex+4 SInv}
   (You found it in the Desolation of Salt)

   [ring of dexterity]

   It affects your dexterity (+4).
   It greatly protects you from fire.
   It insulates you from electricity.
   It lets you see invisible.
 m - an uncursed ring of resist corrosion
 w - an amulet of guardian spirit (around neck)
 C - the ring "Honiasic" (left hand) {MR+ EV+2}
   (You took it off a vampire knight on level 3 of the Depths)

   [ring of evasion]

   It affects your evasion (+2).
   It affects your resistance to hostile enchantments.
 H - an uncursed ring of flight
 K - an uncursed ring of positive energy
 R - a +4 amulet of reflection
Wands
 e - a wand of disintegration (19/24)
 M - a wand of digging (15/24)
 T - a wand of random effects (21/48)
Scrolls
 d - 20 scrolls of teleportation
 h - 4 scrolls of enchant weapon
 j - 11 scrolls of recharging
 o - 18 scrolls of identify
 q - a scroll of fear
 r - 9 scrolls of fog
 u - 26 scrolls of remove curse
 A - 8 scrolls of magic mapping
 B - a scroll of holy word
 N - a scroll of brand weapon
 P - a scroll of silence
 U - a scroll of acquirement
 W - 6 scrolls of blinking
Potions
 b - 3 potions of invisibility
 f - 3 potions of brilliance
 i - 4 potions of might
 l - 8 potions of flight
 p - 23 potions of curing
 s - 6 potions of cancellation
 E - a potion of magic
 G - 5 potions of agility
 I - 3 potions of heal wounds
 J - 6 potions of berserk rage
 O - 5 potions of ambrosia
 Q - a potion of mutation
 X - 5 potions of haste
Books
 S - a manual of Dodging
 Y - a manual of Stealth
Comestibles
 c - 23 bread rations
 t - 30 fruits
 v - 9 royal jellies
 D - 20 meat rations


   Skills:
 O Level 27 Fighting
 O Level 27 Axes
 O Level 27 Bows
 + Level 4.3 Throwing
 O Level 27 Armour
 + Level 10.9 Dodging
 + Level 8.2 Stealth
 + Level 4.7 Unarmed Combat
 + Level 2.8 Spellcasting
 + Level 4.0 Evocations


You had 31 spell levels left.
You didn't know any spells.

Dungeon Overview and Level Annotations

Branches:
Dungeon (15/15)            Temple (0/1) D:4            Lair (6/6) D:10
  Swamp (4/4) Lair:2       Spider (4/4) Lair:3        Slime (0/5) Lair:5
    Orc (2/2) D:12            Elf (3/3) Orc:2        Vaults (5/5) D:13
  Crypt (3/3) Vaults:2       Tomb (0/3) Crypt:3      Depths (5/5) D:15
   Hell (1/1)                 Dis (0/7) Hell            Geh (7/7) Hell
    Coc (0/7) Hell            Tar (0/7) Hell            Zot (0/5) Depths:5

Altars:
Fedhas
Kikubaaqudgha
Makhleb
Nemelex Xobeh
Okawaru
Ru
Yredelemnul
The Shining One

Shops:
D:8 [   D:9 (   Orc:2 [(}:%   Elf:1 [   Elf:3 }   Vaults:3 *   Vaults:5 [
Depths:1 }   Depths:5 }==

Portals:
Hell: Depths:1 Depths:2 Depths:3 Depths:4 Depths:5
Abyss: Depths:1 Depths:2 Depths:4
Pandemonium: Depths:2 Depths:3 Depths:5
Ziggurat: Depths:4
Trove: D:13 (show abyssal rune of Zot)


Innate Abilities, Weirdness & Mutations

You reflexively headbutt those who attack you in melee.
You have a pair of horns on your head.
Your magical capacity is low. (-10% MP)
You occasionally shout uncontrollably at your foes.


Message History

You barely miss the reaper.
You headbutt the reaper, but do no damage.
The reaper is lightly wounded.
You slice the reaper!! You hit the reaper but do no damage.
You headbutt the reaper.
The reaper is lightly wounded.
You slice the reaper!!
The reaper hits you with a scythe of freezing!
* * * LOW HITPOINT WARNING * * *
The reaper freezes you.
* * * LOW HITPOINT WARNING * * *
The reaper hits you with a scythe of slicing!!
* * * LOW HITPOINT WARNING * * *
x2 You feel much better.
You slice the iron golem!! You headbutt the iron golem.
The iron golem is moderately damaged.
Your gold dragon scales prevents you from hitting the reaper.
You slice the reaper!!
The reaper hits you with a scythe of freezing!!
You die...

≈§≈≈≈§≈###.. #..2 ##..≈§§≈≈≈≈≈≈§
≈§≈≈§≈≈#.....#.....##).≈≈#≈≈≈§.#≈
§##≈≈§§'...##.##...##.#≈≈≈≈§≈≈.#≈
≈##§≈≈§#..Z........##..§§≈≈§≈≈≈≈≈
≈≈≈≈§≈≈#...........##..§≈§≈§§≈§§≈
≈≈≈§≈§≈'...##.##...##§)≈§≈≈≈≈≈≈≈≈
.≈≈.≈≈§##.........# #..≈....§≈#≈÷
.....§§§#++##+##82# ##....))....÷
........+......2@.# #.#..####.###
≈≈§≈≈≈≈≈########### ###### ###
########### #############


You could see an iron golem and 2 reapers.

Vanquished Creatures
  3 ancient liches
  3 juggernauts
  Sojobo (Depths:3)
  Margery (Vaults:4)
  7 caustic shrikes
  Geryon (Hell)
  9 golden dragons
  2 profane servitors (Crypt:3)
  Arachne (Spider:2)
  10 Brimstone Fiends
  5 liches
  The ghost of kal9871 the Impaler, an adept CeSk of the Shining One (Depths:2)
  A shard shrike skeleton (Crypt:1)
  9 tentacled monstrosities
  2 quicksilver dragons
  Rupert (D:13)
  3 titans (Vaults:5)
  2 deep elf blademasters
  Asterion (Elf:2)
  2 deep elf master archers (Elf:3)
  2 eldritch tentacles
  Agnes (Spider:3)
  Roxanne (Swamp:4)
  6 sphinxes
  8 ancient champions
  12 tengu reavers
  8 shadow dragons
  3 thorn hunters
  Donald (Crypt:1)
  6 draconian monks
  4 storm dragons
  3 revenants
  19 vault wardens
  4 iron dragons
  14 fire giants
  2 orc warlords
  A draconian scorcher (Depths:5)
  The ghost of 4thArraOfDagon the Sharpshooter, an adept HaWn of Gozag (Elf:3)
  6 ghost moths
  8 emperor scorpions
  13 deep elf sorcerers
  4 imperial myrmidons (Desolation)
  3 curse skulls
  A cacodemon (Hell)
  20 frost giants
  11 balrugs
  15 ironheart preservers
  A draconian annihilator (Depths:5)
  9 deep elf elementalists
  6 reapers
  4 war gargoyles
  13 vampire knights
  A stone giant (shapeshifter) (Depths:3)
  8 entropy weavers
  6 red draconians (Depths:5)
  15 stone giants
  19 very ugly things
  8 deep elf demonologists
  3 green draconians (Depths:5)
  4 purple draconians (Depths:5)
  2 black draconians (Depths:5)
  A dire elephant (Lair:6)
  5 spark wasps
  11 deep elf annihilators
  3 eidola (Crypt:3)
  3 white draconians (Depths:5)
  2 halazid warlocks (Desolation)
  9 ettins
  An ettin (shapeshifter) (Vaults:5)
  2 quicksilver dragon zombies (Geh:7)
  2 mummy priests (Crypt:3)
  2 crystal guardians
  2 blizzard demons (Hell)
  Josephine (D:10)
  14 deep elf death magi
  7 deep elf high priests
  A minotaur (Lab)
  12 fire dragons
  28 yaktaur captains
  A green death (Depths:5)
  5 jiangshi
  11 great orbs of eyes
  A merfolk impaler (Depths:2)
  9 servants of whispers
  3 quicksilver dragon skeletons
  4 ragged hierophants (Desolation)
  4 rakshasas
  A hell beast (Depths:1)
  19 hydras
  10 peacekeepers (Desolation)
  5 spriggan air magi
  13 ice dragons
  33 vault guards
  3 catoblepae
  4 death knights
  54 two-headed ogres
  14 centaur warriors
  21 ogre magi
  8 alligators
  12 tengu warriors
  7 deep troll shamans
  11 vampire magi
  13 hell hogs
  12 deep troll earth magi
  A shock serpent (shapeshifter) (Depths:3)
  Urug (D:13)
  5 death yaks
  27 dancing weapons
  An orc high priest (Orc:1)
  A titan zombie (Geh:7)
  An iron golem (Hell)
  24 deep elf knights
  9 sun demons
  15 soul eaters
  4 storm dragon zombies
  6 small abominations
  A fire crab (shapeshifter) (Depths:3)
  20 skeletal warriors
  26 hell knights
  2 titan skeletons
  4 spriggan berserkers
  2 sixfirhies
  An unseen horror (shapeshifter) (Vaults:1)
  A death drake (Depths:5)
  An entropy weaver zombie (Crypt:3)
  2 shadow wraiths
  31 deep trolls
  7 glowing orange brains
  A spark wasp zombie (Depths:3)
  A golden dragon zombie (Geh:7)
  13 flayed ghosts
  A spriggan druid (Swamp:2)
  22 deep elf archers
  9 unseen horrors
  Pikel (D:8)
  10 wizards
  6 lindwurms
  9 phantasmal warriors
  2 anaconda skeletons
  13 swamp dragons
  23 ironbrand convokers
  2 golden dragon skeletons
  5 large abominations
  16 necromancers
  2 shambling mangroves
  3 iron dragon zombies
  4 orc sorcerers
  16 orc knights
  8 harpies (Vaults:5)
  A lindwurm (shapeshifter) (Depths:2)
  22 orb spiders
  39 ugly things
  An oklob plant (Lair:2)
  A wolf spider zombie (Geh:2)
  A mana viper (shapeshifter) (Vaults:5)
  72 deep elf magi
  3 shadow dragon skeletons (Geh:4)
  A frost giant zombie (Geh:7)
  A salamander (shapeshifter) (D:14)
  A manticore (shapeshifter) (Depths:3)
  37 wolf spiders
  2 stone giant zombies (Geh:7)
  6 cyclopes
  7 manticores
  A faun (shapeshifter) (Vaults:2)
  An iron dragon skeleton (Crypt:3)
  2 moths of wrath (shapeshifter)
  10 elephants
  6 frost giant skeletons
  A black mamba (shapeshifter) (Depths:2)
  3 fire giant skeletons (Geh:5)
  2 moths of wrath
  A guardian serpent (shapeshifter) (Vaults:5)
  2 spectral iron trolls (Crypt:2)
  3 guardian serpents (Desolation)
  3 ice statues
  10 rust devils
  4 stone giant skeletons
  5 black mambas
  A water nymph (shapeshifter) (Depths:3)
  2 centaur zombies
  2 dire elephant zombies
  An elephant (shapeshifter) (Vaults:5)
  A torpor snail (Lair:4)
  A gargoyle (D:13)
  A spiny frog (shapeshifter) (Depths:1)
  16 vault sentinels
  A shock serpent zombie (Geh:2)
  13 hellions
  2 dire elephant skeletons
  3 orange demons
  15 molten gargoyles
  4 smoke demons (Geh:7)
  16 freezing wraiths
  5 rime drakes
  An emperor scorpion zombie (Crypt:1)
  14 spiny frogs
  6 centaur skeletons
  7 efreet
  A purple draconian zombie (Crypt:3)
  3 komodo dragons
  A yaktaur (shapeshifter) (Vaults:4)
  4 tormentors
  10 guardian mummies (Crypt:3)
  An ice devil (Hell)
  A death yak skeleton (Crypt:3)
  A spark wasp simulacrum (Depths:1)
  73 yaktaurs
  19 demonic crawlers
  2 yaktaur skeletons
  3 tengu conjurers
  3 elf skeletons
  3 human skeletons
  A jumping spider (shapeshifter) (Depths:3)
  A queen bee (Lair:4)
  17 red devils
  An iron troll skeleton (Crypt:2)
  4 tyrant leeches
  A polar bear (shapeshifter) (Depths:2)
  A hydra skeleton (Hell)
  5 trolls
  2 spectral deep trolls (Crypt:2)
  3 hydra zombies
  5 meliai
  A queen bee (shapeshifter) (Depths:2)
  A tengu simulacrum (Vaults:3)
  5 wind drakes (Depths:5)
  2 harpy zombies
  55 saltlings
  8 bog bodies
  46 jumping spiders
  A raiju (shapeshifter) (Depths:4)
  11 hippogriffs
  2 hornets (shapeshifter)
  2 alligator zombies
  A harpy skeleton (Geh:7)
  22 hornets
  49 slime creatures
  11 blink frogs
  6 dream sheep (Lair:6)
  2 blink frogs (shapeshifter)
  29 flying skulls
  5 air elementals
  3 ice dragon skeletons
  A shock serpent simulacrum (Crypt:3)
  A stone giant simulacrum (Crypt:3)
  14 water elementals
  A black mamba zombie (Crypt:3)
  An ice dragon zombie (Geh:5)
  A spriggan (shapeshifter) (Vaults:4)
  3 spriggans
  2 ettin skeletons
  27 shadows
  35 tarantellas
  77 redbacks
  5 fire dragon skeletons
  4 tarantellas (shapeshifter)
  27 wraiths
  7 wyverns
  An ushabti (Crypt:3)
  3 yaks (shapeshifter)
  A basilisk (shapeshifter) (Vaults:3)
  2 fire bats (Lair:4)
  16 fire elementals
  19 humans
  49 yaks
  6 basilisks
  A hog (Vaults:1)
  2 yaktaur simulacra
  A hungry ghost (D:11)
  A neqoxec (Depths:5)
  22 vampire mosquitoes
  5 chaos spawn
  7 wargs
  2 gelid demonspawn zombies
  A naga (shapeshifter) (Vaults:5)
  A warg (shapeshifter) (Depths:3)
  A soldier ant (shapeshifter) (Vaults:3)
  2 spatial vortices (Vaults:1)
  2 insubstantial wisps (Vaults:1)
  Edmund (D:4)
  17 swamp worms
  3 acid dragons
  A monstrous demonspawn skeleton (Geh:3)
  A floating eye (Depths:4)
  9 porcupines
  A spiny frog zombie (Geh:7)
  A two-headed ogre skeleton (Crypt:1)
  A lindwurm zombie (Crypt:3)
  15 water moccasins
  34 hell hounds
  3 sky beasts
  12 swamp drakes
  2 slaves (D:8)
  2 manticore zombies
  52 orc warriors
  A sky beast (shapeshifter) (Vaults:1)
  2 black bears
  A snapping turtle zombie (Geh:4)
  3 necrophages
  6 phantoms
  2 spiny frog skeletons
  A black bear (shapeshifter) (Vaults:4)
  9 ice beasts
  An eye of draining (shapeshifter) (Vaults:4)
  19 wolves
  A tengu (shapeshifter) (Vaults:2)
  41 ogres
  A snapping turtle skeleton (Geh:5)
  8 boggarts
  33 centaurs
  A blink frog skeleton (Crypt:2)
  13 crocodiles
  A swamp dragon skeleton (Crypt:1)
  14 bullfrogs
  A gnoll sergeant (Orc:1)
  3 elf zombies (Elf:3)
  A cyclops zombie (Crypt:2)
  2 earth elementals (Elf:2)
  A scorpion (shapeshifter) (Vaults:1)
  10 scorpions
  A hornet simulacrum (D:15)
  A wyvern skeleton (D:7)
  44 killer bees
  A troll skeleton (Lab)
  A vampire bat (Vaults:1)
  13 wights
  3 electric eels
  6 crimson imps
  3 bullfrog zombies
  9 hounds
  3 iron imps
  6 jellies
  Crazy Yiuf (D:4)
  10 orc priests
  21 orc wizards
  4 bullfrog skeletons
  6 iguanas
  4 hell rats
  13 worker ants
  A killer bee zombie (Crypt:1)
  A naga zombie (Crypt:3)
  2 ogre skeletons (Lab)
  A hound zombie (D:5)
  7 mummies (Crypt:3)
  A worker ant zombie (D:5)
  13 gnolls
  9 adders
  3 river rats (Lair:4)
  4 shadow imps
  2 white imps (Vaults:2)
  3 oozes
  An adder zombie (Crypt:1)
  An adder skeleton (D:5)
  2 worms
  2 dart slugs
  2 leopard geckos
  108 orcs
  3 ball pythons
  A bat zombie (Crypt:2)
  2 giant cockroaches (D:1)
  7 goblins
  8 hobgoblins
  3 jackals
  A jackal (shapeshifter) (Vaults:5)
  6 quokkas
  10 bats
  8 frilled lizards
  A giant cockroach zombie (Crypt:3)
  A jackal skeleton (Crypt:1)
  10 kobolds
  A kobold skeleton (Crypt:1)
  2 leopard gecko skeletons
  A quokka zombie (Crypt:3)
  4 rats
  6 briar patches (Swamp:3)
  A crawling corpse (Elf:3)
  11 fungi
  3 plants
2959 creatures vanquished.

Vanquished Creatures (collateral kills)
  the Lernaean hydra (Swamp:4)
  A fire giant (Vaults:3)
  A vault warden (Vaults:3)
  A very ugly thing (Vaults:3)
  A death knight (Vaults:3)
  An ironbrand convoker (Vaults:3)
  A vault sentinel (Vaults:3)
  2 ice statues (IceCv)
  A yaktaur (Vaults:3)
  A hippogriff (Lair:6)
  A crocodile (Lair:6)
12 creatures vanquished.

Vanquished Creatures (others)
  A centaur warrior (D:11)
  A deep troll shaman (Depths:3)
  An ogre mage (Vaults:1)
  2 deep elf magi (Elf:1)
  A black mamba (Lair:6)
  A red devil (Geh:7)
  A saltling (Desolation)
  A redback (Spider:4)
  A fire dragon skeleton (Geh:7)
  A swamp dragon skeleton (Geh:7)
  5 fungi
  9 plants
25 creatures vanquished.

Grand Total: 2996 creatures vanquished

Notes
Turn   | Place    | Note
-------+----------+-------------------------------------------
     0 | D:1      | nikopol the Minotaur Berserker began the quest for the Orb.
     0 | D:1      | Reached XP level 1. HP: 19/19 MP: 0/0
   130 | D:1      | Reached XP level 2. HP: 27/27 MP: 1/1
   645 | D:2      | Found a blossoming altar of Fedhas.
   685 | D:2      | Reached XP level 3. HP: 27/33 MP: 2/2
   814 | D:2      | Reached ** piety under Trog
  1035 | D:3      | Reached XP level 4. HP: 41/41 MP: 3/3
  1703 | D:3      | Reached skill level 5 in Fighting
  1703 | D:3      | Reached skill level 5 in Axes
  1980 | D:3      | Reached *** piety under Trog
  1985 | D:3      | Reached XP level 5. HP: 48/48 MP: 4/4
  2398 | D:4      | Noticed Edmund
  2409 | D:4      | Killed Edmund
  2512 | D:4      | Reached XP level 6. HP: 56/56 MP: 5/5
  2710 | D:4      | Found a runed door.
  2714 | D:4      | Noticed Crazy Yiuf
  2719 | D:4      | Killed Crazy Yiuf
  2939 | D:4      | Found a staircase to the Ecumenical Temple.
  2945 | D:4      | Reached XP level 7. HP: 62/62 MP: 6/6
  3183 | D:4      | Found a sacrificial altar of Ru.
  3280 | D:5      | Entered Level 5 of the Dungeon
  3320 | D:5      | Reached **** piety under Trog
  3431 | D:5      | Found a burning altar of Makhleb.
  3630 | D:5      | Reached skill level 5 in Armour
  3724 | D:5      | Reached XP level 8. HP: 62/70 MP: 7/7
  4133 | D:6      | Found a sparkling altar of Nemelex Xobeh.
  4332 | D:6      | Found an iron altar of Okawaru.
  4429 | D:6      | Reached skill level 1 in Bows
  5336 | D:7      | Reached skill level 10 in Axes
  5524 | D:7      | Identified the Compendium of Sinister Arts and Curses
  5634 | D:7      | Reached ***** piety under Trog
  5717 | D:7      | Reached skill level 1 in Stealth
  5717 | D:7      | Reached XP level 9. HP: 79/79 MP: 8/8
  5923 | D:7      | Received a gift from Trog
  6213 | D:8      | Found Nuim's Antique Armour Shoppe.
  6219 | D:8      | Bought a pair of glowing gloves for 262 gold pieces
  6609 | D:8      | Noticed Pikel
  6635 | D:8      | Killed Pikel
  6635 | D:8      | Reached skill level 5 in Bows
  6953 | D:9      | Noticed a troll
  6964 | D:9      | Killed a troll
  7020 | D:9      | Found Urekh's Antique Weapon Emporium.
  7904 | D:10     | Entered Level 10 of the Dungeon
  7941 | D:10     | Noticed a two-headed ogre
  7944 | D:10     | Killed a two-headed ogre
  7944 | D:10     | Reached XP level 10. HP: 90/90 MP: 9/9
  7997 | D:10     | Noticed Josephine
  8016 | D:10     | Killed Josephine
  8056 | D:10     | Found a staircase to the Lair.
  8130 | D:10     | Received a gift from Trog
  8422 | D:10     | Found a glowing golden altar of the Shining One.
  8908 | D:11     | Noticed a cyan ugly thing
  8918 | D:11     | Received a gift from Trog
  8936 | D:11     | Killed a cyan ugly thing
  8936 | D:11     | Reached skill level 5 in Dodging
  8936 | D:11     | Reached XP level 11. HP: 99/99 MP: 4/10
  8968 | D:11     | Noticed an unseen horror
  9197 | D:11     | Reached skill level 10 in Fighting
  9212 | D:11     | Found a gateway to a bazaar.
  9221 | Bazaar   | Entered a bazaar
  9221 | Bazaar   | Found Olufesch's Distillery.
  9221 | Bazaar   | Found Goynam's Antique Weapon Shop.
  9254 | Bazaar   | Found Rasececs's Jewellery Boutique.
  9262 | Bazaar   | Found Oleytet's General Store.
  9273 | Bazaar   | Found Kecvozet's Antique Armour Emporium.
  9517 | D:11     | Noticed a two-headed ogre
  9524 | D:11     | Killed an unseen horror
  9526 | D:11     | Killed a two-headed ogre
  9571 | D:11     | Noticed a centaur warrior
  9591 | D:11     | Killed a centaur warrior
 10168 | Lair:1   | Entered Level 1 of the Lair of Beasts
 10296 | Lair:1   | Found a labyrinth entrance.
 10307 | Lab      | Entered a labyrinth
 11994 | Lab      | Noticed a minotaur
 12002 | Lab      | Killed a minotaur
 12226 | Lair:1   | Reached skill level 10 in Armour
 12431 | Lair:1   | Received a gift from Trog
 12431 | Lair:1   | Reached XP level 12. HP: 51/110 MP: 11/11
 13077 | Lair:1   | Got a fine battleaxe
 13078 | Lair:1   | Identified the +8 battleaxe of the Coward {chop, rF++} (You found it on level 1 of the Lair of Beasts)
 13296 | Lair:2   | Found a basalt altar of Yredelemnul.
 13794 | Lair:2   | Found a staircase to the Swamp.
 14366 | Lair:3   | Received a gift from Trog
 14370 | Lair:3   | Reached skill level 10 in Bows
 14647 | Lair:3   | Reached ****** piety under Trog
 14732 | Lair:3   | Reached skill level 15 in Axes
 15256 | Lair:3   | Found a hole to the Spider Nest.
 15595 | Lair:4   | Found a frozen archway.
 15603 | IceCv    | Entered an ice cave
 15697 | IceCv    | Received a gift from Trog
 16073 | IceCv    | Upgraded the game from 0.21-a0-225-g207ae17 to 0.21-a0-227-g58a7c62
 16096 | IceCv    | Got a scorched jade ring
 16571 | Lair:4   | Noticed a death yak
 16755 | Lair:4   | Reached XP level 13. HP: 119/119 MP: 12/12
 17208 | Lair:4   | Received a gift from Trog
 17523 | Lair:4   | Got an ichor-stained shortbow
 17524 | Lair:4   | Identified the +9 shortbow of Wondrous Power {flame, Int+6} (You took it off a meliai on level 4 of the Lair of Beasts)
 17525 | Lair:4   | Upgraded the game from 0.21-a0-227-g58a7c62 to 0.21-a0-228-g14ccbf3
 17714 | Lair:4   | Received a gift from Trog
 18182 | Lair:5   | Received a gift from Trog
 18639 | Lair:5   | Found a staircase to the Slime Pits.
 18831 | Lair:5   | Received a gift from Trog
 19021 | Lair:6   | Entered Level 6 of the Lair of Beasts
 19854 | Lair:6   | Reached XP level 14. HP: 111/130 MP: 13/13
 20237 | Lair:6   | HP: 4/195 [dire elephant (21)]
 21127 | D:10     | Identified the ring of Creativity {*Tele Dex+2 Slay+3} (You found it in an ice cave)
 21297 | D:12     | Found a staircase to the Orcish Mines.
 21573 | D:12     | Received a gift from Trog
 21862 | Orc:1    | Entered Level 1 of the Orcish Mines
 22209 | Orc:2    | Entered Level 2 of the Orcish Mines
 22238 | Orc:2    | Found Saiqul's Food Shop.
 22533 | Orc:2    | Found a staircase to the Elven Halls.
 22660 | Orc:2    | Received a gift from Trog
 22852 | Orc:2    | Noticed an orc warlord
 22880 | Orc:2    | Received a gift from Trog
 22887 | Orc:2    | Killed an orc warlord
 23205 | Orc:2    | Received a gift from Trog
 23405 | Orc:2    | Found Qawami's Weapon Shop.
 23405 | Orc:2    | Found Nanew's Gadget Shoppe.
 23408 | Orc:2    | Found Erghoalea's Book Emporium.
 23410 | Orc:2    | Found Mopsul's Antique Armour Boutique.
 23422 | Orc:2    | Bought a pair of runed boots for 240 gold pieces
 23580 | Orc:2    | Received a gift from Trog
 24099 | D:13     | Found a gate to the Vaults.
 24099 | D:13     | Noticed Rupert
 24099 | D:13     | Noticed Urug
 24189 | D:13     | Found a portal to a secret trove of treasure.
 24206 | D:13     | Got a translucent copper ring
 24318 | D:13     | Lost intelligence.
 24318 | D:13     | Identified the ring "Lyth" {rF++ rC+ MP+9 Int-5} (You found it on level 13 of the Dungeon)
 24438 | D:13     | Received a gift from Trog
 24461 | D:13     | Reached skill level 15 in Fighting
 24483 | D:13     | Killed Rupert
 24483 | D:13     | Reached XP level 15. HP: 141/141 MP: 2/14
 24793 | D:13     | Killed Urug
 25266 | D:14     | Received a gift from Trog
 25748 | D:14     | Received a gift from Trog
 25948 | D:15     | Entered Level 15 of the Dungeon
 26120 | D:15     | Found a staircase to the Depths.
 27153 | Swamp:1  | Entered Level 1 of the Swamp
 28022 | Swamp:2  | Received a gift from Trog
 28319 | Swamp:2  | Received a gift from Trog
 29174 | Swamp:3  | Reached XP level 16. HP: 152/152 MP: 15/15
 29296 | Swamp:3  | Noticed a thorn hunter
 29305 | Swamp:3  | Killed a thorn hunter
 29495 | Swamp:3  | Reached skill level 15 in Bows
 29739 | Swamp:4  | Entered Level 4 of the Swamp
 29831 | Swamp:4  | Noticed Roxanne
 29872 | Swamp:4  | Killed Roxanne
 29877 | Swamp:4  | Received a gift from Trog
 30161 | Swamp:4  | Noticed a thorn hunter
 30167 | Swamp:4  | Killed a thorn hunter
 30540 | Swamp:4  | Noticed the 27-headed Lernaean hydra
 30829 | Swamp:4  | Killed the 27-headed Lernaean hydra
 31157 | Swamp:4  | Got a decaying rune of Zot
 31413 | Swamp:4  | Noticed a thorn hunter
 31423 | Swamp:4  | Killed a thorn hunter
 31444 | Swamp:4  | Received a gift from Trog
 31621 | Spider:1 | Entered Level 1 of the Spider Nest
 31766 | Spider:1 | Received a gift from Trog
 31851 | Spider:1 | Received a gift from Trog
 32046 | Spider:1 | Received a gift from Trog
 32055 | Spider:1 | Got an ivory executioner's axe {god gift}
 32059 | Spider:1 | Identified the +5 executioner's axe of Huxih {venom, rC+} (Trog gifted it to you on level 1 of the Spider Nest)
 32832 | Spider:2 | Reached XP level 17. HP: 166/166 MP: 16/16
 33027 | Spider:2 | Noticed Arachne
 33061 | Spider:2 | Killed Arachne
 33507 | Spider:2 | Reached skill level 15 in Armour
 33568 | Spider:2 | Received a gift from Trog
 34543 | Spider:2 | Received a gift from Trog
 34791 | Spider:3 | Noticed Agnes
 34804 | Spider:3 | Killed Agnes
 34806 | Spider:3 | Received a gift from Trog
 34935 | Spider:3 | Identified a scroll of acquirement
 34942 | Spider:3 | Got a faintly glowing cloak
 34953 | Spider:3 | Identified the +0 cloak "Vikk" {Int+4} (You acquired it on level 3 of the Spider Nest)
 35330 | Spider:4 | Entered Level 4 of the Spider Nest
 35888 | Spider:4 | Received a gift from Trog
 35983 | Spider:4 | Received a gift from Trog
 36985 | Spider:4 | Reached XP level 18. HP: 147/178 MP: 17/17
 37313 | Spider:4 | Received a gift from Trog
 37342 | Spider:4 | HP: 7/179 [moth of wrath (12)]
 37344 | Spider:4 | HP: 2/179 [moth of wrath (6)]
 37858 | Spider:4 | Got a gossamer rune of Zot
 38270 | Vaults:1 | Entered Level 1 of the Vaults
 38918 | Vaults:1 | Received a gift from Trog
 39302 | Vaults:1 | Received a gift from Trog
 39378 | Vaults:1 | Identified the Volume of Moulding
 40229 | Vaults:1 | Identified the Catalogue of Dislocation
 40638 | Vaults:2 | Received a gift from Trog
 40722 | Vaults:2 | Received a gift from Trog
 40769 | Vaults:2 | Found a ruined gateway.
 40773 | Desolati | Entered the Desolation of Salt
 41335 | Desolati | Reached XP level 19. HP: 115/190 MP: 18/18
 41751 | Desolati | Received a gift from Trog
 41848 | Desolati | Received a gift from Trog
 42314 | Desolati | Got a sparkling iron ring
 42316 | Desolati | Identified the ring "Gowko" {rPois rF+++ rC+ Dex-4} (You found it in the Desolation of Salt)
 42371 | Desolati | Got a brightly glowing jade ring
 42592 | Desolati | Got a crystal broad axe
 42593 | Desolati | Identified the +7 broad axe "Goblinbane" {chop, Str+2 Int+4} (You found it in the Desolation of Salt)
 43033 | Desolati | Upgraded the game from 0.21-a0-228-g14ccbf3 to 0.21-a0-229-g3587535
 43047 | Desolati | Got a transparent ring mail
 43058 | Desolati | Identified the +4 ring mail of Wrong Decisions {Dex+4} (You found it in the Desolation of Salt)
 43072 | Desolati | Got a brightly glowing copper ring
 43081 | Desolati | Identified the ring "Myss" {rElec rF++ Dex+4 SInv} (You found it in the Desolation of Salt)
 43087 | Desolati | Identified the ring of Qeef {Wiz rElec} (You found it in the Desolation of Salt)
 43841 | Vaults:2 | Received a gift from Trog
 44620 | Vaults:2 | Found a staircase to the Crypt.
 45219 | Vaults:2 | Received a gift from Trog
 45251 | Vaults:2 | Got a crude battleaxe {god gift}
 45252 | Vaults:2 | Identified the +11 battleaxe of the Feather {chop, rF- rN+ Str+6 Dex+2} (Trog gifted it to you on level 2 of the Vaults)
 46229 | Vaults:3 | Found Adazug's General Store.
 46297 | Vaults:3 | Received a gift from Trog
 46318 | Vaults:3 | Reached XP level 20. HP: 107/202 MP: 19/19
 47170 | Vaults:3 | Received a gift from Trog
 47759 | Vaults:3 | Received a gift from Trog
 47794 | Vaults:3 | Got an ebony longbow {god gift}
 47803 | Vaults:3 | Lost intelligence.
 47803 | Vaults:3 | Identified the +7 longbow of Eternity {venom, rC+ MR+ Int-5} (Trog gifted it to you on level 3 of the Vaults)
 49337 | Vaults:4 | Received a gift from Trog
 50403 | Vaults:4 | Received a gift from Trog
 50556 | Vaults:4 | Reached XP level 21. HP: 141/214 MP: 20/20
 50861 | Vaults:4 | Noticed Margery
 50875 | Vaults:4 | Killed Margery
 50887 | Vaults:4 | Received a gift from Trog
 51345 | Vaults:4 | Received a gift from Trog
 51812 | Elf:1    | Entered Level 1 of the Elven Halls
 51983 | Elf:1    | Received a gift from Trog
 52014 | Elf:1    | Received a gift from Trog
 52029 | Elf:1    | Identified Qanlyad's Almanac of Attacks
 52251 | Elf:1    | Received a gift from Trog
 52914 | Elf:1    | Received a gift from Trog
 52971 | Elf:1    | Found Vilol's Antique Armour Shop.
 52979 | Elf:1    | Bought a smoking plate armour for 868 gold pieces
 52979 | Elf:1    | Bought a pair of embroidered gloves for 232 gold pieces
 52995 | Elf:1    | Identified the +3 plate armour of the Harvest {Dex+6} (You bought it in a shop on level 1 of the Elven Halls)
 53207 | Elf:2    | Received a gift from Trog
 53363 | Elf:2    | Found a runed gate.
 53363 | Elf:2    | Found a runed gate.
 53363 | Elf:2    | Found a runed gate.
 53688 | Elf:2    | Noticed Asterion
 53700 | Elf:2    | Killed Asterion
 54114 | Elf:2    | Received a gift from Trog
 54336 | Elf:3    | Entered Level 3 of the Elven Halls
 55018 | Elf:3    | Received a gift from Trog
 55051 | Elf:3    | Reached XP level 22. HP: 189/226 MP: 17/21
 55498 | Elf:3    | Received a gift from Trog
 55872 | Elf:3    | Got a vibrating bone ring
 56139 | Elf:3    | Gained mutation: You occasionally shout uncontrollably at your foes. [a cacodemon]
 56140 | Elf:3    | Gained mutation: Your magical capacity is low. (-10% MP) [a cacodemon]
 56143 | Elf:3    | Noticed 4thArraOfDagon's ghost (adept HaWn)
 56155 | Elf:3    | Killed 4thArraOfDagon's ghost
 56369 | Elf:3    | Received a gift from Trog
 56451 | Elf:3    | Identified the ring of Aneoteci {rF+ Str-2 Int+7 Stlth-} (You took it off a deep elf death mage on level 3 of the Elven Halls)
 56613 | Elf:3    | Received a gift from Trog
 56978 | Elf:3    | Got a heavily runed diamond amulet
 57021 | Elf:3    | Found Plog's Gadget Shop.
 57509 | Elf:3    | Identified the amulet "Wubisos" {RegenMP rC+} (You took it off a deep elf death mage on level 3 of the Elven Halls)
 57879 | Depths:1 | Entered Level 1 of the Depths
 57902 | Depths:1 | Identified Sif Muna's Compendium of the Frostbite
 57982 | Depths:1 | Found Wueseki's Gadget Shoppe.
 58041 | Depths:1 | Found a gateway to Hell.
 58052 | Depths:1 | Found a one-way gate to the infinite horrors of the Abyss.
 58544 | Depths:1 | Received a gift from Trog
 58833 | Depths:2 | Noticed kal9871's ghost (adept CeSk)
 58852 | Depths:2 | Killed kal9871's ghost
 58881 | Depths:2 | Received a gift from Trog
 58951 | Depths:2 | Received a gift from Trog
 59273 | Depths:2 | Noticed a juggernaut
 59274 | Depths:2 | Noticed a golden dragon
 59277 | Depths:2 | Killed a juggernaut
 59285 | Depths:2 | Killed a golden dragon
 59285 | Depths:2 | Reached XP level 23. HP: 225/238 MP: 17/19
 59681 | Depths:2 | Found the +8 glaive of the Guard {elec, +Rage AC+5 SInv}
 60677 | Depths:2 | Found a one-way gate leading to the halls of Pandemonium.
 60944 | Depths:3 | Received a gift from Trog
 61323 | Depths:3 | Received a gift from Trog
 61327 | Depths:3 | Noticed a juggernaut
 61341 | Depths:3 | Reached skill level 27 in Fighting
 61348 | Depths:3 | Killed a juggernaut
 61348 | Depths:3 | Received a gift from Trog
 61566 | Depths:3 | Noticed a caustic shrike
 61577 | Depths:3 | Killed a caustic shrike
 62029 | Depths:3 | Noticed Sojobo
 62321 | Depths:2 | Received a gift from Trog
 62545 | Depths:3 | Killed Sojobo
 62693 | Depths:3 | Got a brightly glowing tin ring
 62765 | Depths:3 | Reached XP level 24. HP: 210/249 MP: 9/19
 62845 | Depths:3 | Received a gift from Trog
 62965 | Depths:3 | Received a gift from Trog
 62980 | Depths:3 | Noticed an ancient lich
 62998 | Depths:3 | Killed an ancient lich
 63735 | Depths:3 | Identified the ring "Honiasic" {MR+ EV+2} (You took it off a vampire knight on level 3 of the Depths)
 64143 | Orc:2    | Bought a runed scarf for 256 gold pieces
 64308 | D:8      | Bought a glowing cloak for 262 gold pieces
 64308 | D:8      | Bought a pair of embroidered gloves for 262 gold pieces
 64618 | Depths:4 | Found a gateway to a ziggurat.
 65014 | Depths:4 | Received a gift from Trog
 65163 | Depths:4 | Received a gift from Trog
 65341 | Depths:4 | Received a gift from Trog
 66326 | Depths:5 | Entered Level 5 of the Depths
 67002 | Depths:5 | Received a gift from Trog
 67028 | Depths:5 | Noticed a juggernaut
 67335 | Depths:5 | Received a gift from Trog
 67363 | Depths:5 | Reached XP level 25. HP: 257/257 MP: 19/19
 67711 | Depths:5 | Found a gate to the Realm of Zot.
 67742 | Depths:5 | Received a gift from Trog
 68612 | Depths:5 | Found Zisioma's Jewellery Emporium.
 68633 | Depths:5 | Found Xiyph's Gadget Shop.
 68634 | Depths:5 | Found Esorrec's Jewellery Emporium.
 68845 | Depths:5 | Noticed a juggernaut
 68856 | Depths:5 | Killed a juggernaut
 68928 | Depths:5 | Received a gift from Trog
 69335 | Vaults:5 | Entered Level 5 of the Vaults
 69920 | Vaults:4 | Received a gift from Trog
 70483 | Vaults:5 | Reached XP level 26. HP: 136/266 MP: 13/19
 70775 | Vaults:5 | Reached skill level 27 in Axes
 71022 | Vaults:5 | Received a gift from Trog
 71065 | Vaults:5 | Got a silver rune of Zot
 71633 | Vaults:5 | Received a gift from Trog
 71709 | Vaults:5 | Noticed an ancient lich
 71716 | Vaults:5 | Killed an ancient lich
 71850 | Vaults:5 | Received a gift from Trog
 71866 | Vaults:5 | Found the +0 Maxwell's etheric cage {RegenMP+ *Contam rElec MP+4}
 72241 | Vaults:5 | Noticed an ancient lich
 72249 | Vaults:5 | Killed an ancient lich
 72249 | Vaults:5 | Reached skill level 5 in Stealth
 72370 | Vaults:5 | Got a crude chain mail
 72586 | Vaults:5 | Found Osieze's Armour Shop.
 72609 | Vaults:5 | Identified the +1 chain mail "Luacad" {rF+} (You took it off a vault warden on level 5 of the Vaults)
 73174 | Vaults:5 | Upgraded the game from 0.21-a0-229-g3587535 to 0.21-a0-237-g87df72b
 73333 | Crypt:1  | Entered Level 1 of the Crypt
 73611 | Crypt:1  | Received a gift from Trog
 73789 | Crypt:1  | Received a gift from Trog
 73978 | Crypt:1  | Noticed Donald
 73996 | Crypt:1  | Killed Donald
 74273 | Crypt:1  | Identified the Disquisition on Doomed Intoxication
 74935 | Crypt:2  | Reached XP level 27. HP: 273/273 MP: 19/19
 75426 | Crypt:3  | Entered Level 3 of the Crypt
 75931 | Crypt:3  | Received a gift from Trog
 76786 | Crypt:3  | Reached skill level 27 in Bows
 77220 | Crypt:3  | Received a gift from Trog
 77361 | Crypt:3  | Found a basalt altar of Yredelemnul.
 77365 | Crypt:3  | Found an ancient bone altar of Kikubaaqudgha.
 77727 | Crypt:3  | Found a staircase to the Tomb.
 77879 | Vaults:1 | Received a gift from Trog
 78019 | Hell     | Entered the Vestibule of Hell
 78019 | Hell     | Noticed Geryon
 78043 | Hell     | Killed Geryon
 78049 | Hell     | Received a gift from Trog
 78252 | Hell     | Found a gateway to the ashen valley of Gehenna.
 78392 | Hell     | Found a gateway to the freezing wastes of Cocytus.
 78656 | Hell     | Found a gateway to the Iron City of Dis.
 78734 | Hell     | Found a gateway to the decaying netherworld of Tartarus.
 79093 | Geh:1    | Entered Level 1 of Gehenna
 79278 | Geh:2    | Received a gift from Trog
 79607 | Geh:3    | Received a gift from Trog
 79978 | Geh:4    | Received a gift from Trog
 80214 | Geh:5    | Reached skill level 27 in Armour
 80511 | Geh:5    | Reached skill level 1 in Evocations
 80579 | Geh:5    | Reached skill level 1 in Throwing
 80657 | Geh:6    | Reached skill level 1 in Unarmed Combat
 80667 | Geh:6    | Received a gift from Trog
 80677 | Geh:7    | Entered Level 7 of Gehenna
 80716 | Geh:7    | Reached skill level 1 in Spellcasting
 80730 | Geh:7    | Received a gift from Trog
 81098 | Geh:7    | Received a gift from Trog
 81101 | Geh:7    | Got a smoking battleaxe {god gift}
 81106 | Geh:7    | Identified the +5 battleaxe of the Trees {chop, Stlth+} (Trog gifted it to you on level 7 of Gehenna)
 81294 | Geh:7    | Reached skill level 10 in Dodging
 81527 | Geh:7    | Received a gift from Trog
 81746 | Geh:7    | HP: 10/264 [hellion/damnation (16)]
 81794 | Geh:7    | HP: 4/264 [reaper/scythe of slicing[the effects of Hell] (21)]
 81796 | Geh:7    | Mangled by a reaper

Vault maps used:
D:1:      saegor_arrival_simple_d
D:2:      first_bread, fedhas_altar_1
D:3:      roderic_batcave, corner_web_ring
D:4:      kennysheep_mini, minmay_temple_entry_metal_lava,
          uniq_crazy_yiuf_cottage, uniq_edmund
D:5:      makhleb_blood_cavern_becter
D:6:      basic_altar, okawaru_metal_pillars_1_2
D:7:      mumra_celtic_spiral_tile
D:8:      serial_shops, shop, uniq_pikel
D:9:      serial_shops, nicolae_shop_overgrown_old_shop
D:10:     lair_entry_dummy, basic_altar, uniq_josephine
D:11:     serial_shops, bzr_entry_customers
D:12:     orc_0_dummy
D:13:     david_vaults_3, nicolae_trove_entry_crossroad
D:14:     nrook_mini_backslash, grunt_livestock
D:15:     grunt_enter_depths_snipers, minmay_misc_feat_columns, uniq_urug
Lair:1:   lab_entry_generic, hangedman_lair_generics_rect, grunt_megastairs_3,
          serial_bayou_shore_b, infiniplex_staircase_pool
Lair:2:   swamp_mist_pool, lemuel_oklob_altar, infiniplex_staircase_pool_2
Lair:3:   nicolae_spider_entry_orb_guardian
Lair:4:   regret_index_wax_grids, portal_ice_cave_rime, lemuel_fruit_tree
Lair:5:   dpeg_slime_entry_corner, minivault_26, beast_lair_carwin_1
Lair:6:   hangedman_lair_in_review, grunt_megastairs_2, lemuel_fruit_fields
Swamp:1:  nicolae_swamp_treefoil
Swamp:2:  hangedman_swamp_diagram
Swamp:3:  evilmike_swamp_ruin_house_2
Swamp:4:  swamp_old_school, uniq_roxanne
Spider:2: spiders_nest_scorpion_pit, hangedman_spider_tarantella_strand,
          uniq_arachne
Spider:3: uniq_agnes
Spider:4: grunt_spider_rune_circles
Orc:2:    st_orc_rangers, serial_shops, shop
Elf:1:    minmay_elf_arrival_summoners, serial_shops, shop,
          minmay_elf_annihilation
Elf:2:    uniq_asterion
Elf:3:    grunt_elf_hall_spiral, serial_shops, shop, minmay_elf_necromancy
Vaults:1: st_lines, vaults_room_door_hall, vaults_room_door_hall,
          grunt_vaults_bifocal, vaults_room_hallway, v_misc_13,
          vaults_room_door_ring, vaults_dpeg_cross, ontoclasm_vaults_hangar,
          serial_hangedman_research, hangedman_research_metamorphosis,
          hangedman_research_quantum
Vaults:2: v_misc_19, grunt_vaults_funnel, minmay_crypt_entry_simple_statues,
          st_cells, nicolae_vaults_network_s, hangedman_vaults_restitches,
          nicolae_vaults_ring_of_whatevers, serial_ice_m, serial_ice_b,
          nicolae_vaults_specimen_jars, nicolae_vaults_yaktaur_gun_rack,
          nicolae_vaults_border_crossing, portal_desolation_entry_salt
Vaults:3: ontoclasm_vaults_ligature, nicolae_vaults_twisting_passages,
          nicolae_vaults_three_branches, v_alt_pattern_4,
          vaults_mumra_minichess, vaults_room_pool, v_alt_pattern_5, v_misc_16,
          vaults_standard_mumra_x, nicolae_vaults_rhombus_5,
          hangedman_vaults_slither, st_eye, serial_shops, shop
Vaults:4: ontoclasm_vaults_claustrophobia, nicolae_vaults_angled_halls,
          v_misc_19, hangedman_vaults_hat, vaults_room_hallway,
          nicolae_vaults_diagonal_hallway_6, nicolae_vaults_what_the_h,
          nicolae_vaults_windows_and_doors_thing, ontoclasm_vaults_ring_small,
          hangedman_vaults_stretched_pinwheel, v_misc_26,
          ontoclasm_vaults_ring_square, nicolae_vaults_ring_of_whatevers,
          vaults_standard_mumra_lines, nicolae_vaults_ring_of_whatevers,
          v_misc_32, v_alt_pattern_1, vaults_room_hangedman_quadrants,
          uniq_margery
Crypt:1:  uniq_donald
Crypt:2:  minmay_shadows, skrybe_necro_troll_2
Crypt:3:  lightli_unholy_cathedral, nicolae_tomb_entry_grand_gallery
Depths:1: grunt_mini_vestibule, abyss_entry, serial_shops, shop,
          lemuel_another_geyser
Depths:2: minmay_guarded_unrand_guard, hangedman_abyss_or_decor_slice,
          abyss_entry_small_statue_room, rand_demon_pan_entry_9,
          grunt_hell_entry_dis_grunt, minmay_staircase_statues
Depths:3: hangedman_pleasuredromes, hell_entry, pan_entry, uniq_sojobo
Depths:4: evilmike_marble_ring, enter_ziggurat_d, minmay_curled_crystal,
          minmay_room_of_horrors, hell_entry, infiniplex_staircase_diamond
Depths:5: lemuel_castle_with_subvaults, hangedman_decor_lopped, hell_entry,
          rand_demon_pan_entry_5, minmay_shop_grove
Geh:7:    geh_hangedman
Lab:      labyrinth_mini_lab, nicolae_lab_flowing_pool,
          labyrinth_skeletal_remains
Bazaar:   bazaar_lake
IceCv:    ice_cave_statue_garden_chambered

Skill      XL: |  1  2  3  4  5  6  7  8  9 10 11 12 13 14 15 16 17 18 19 20 21 22 23 24 25 26 27 |
---------------+----------------------------------------------------------------------------------+-----
Fighting       | 4 5 6 7 8 9 11 12 13 15 16 18 20 21 22 24 25 26 27 | 27.0
Axes           | 4 5 6 7 9 10 11 12 14 15 17 19 20 21 22 23 24 25 26 27 | 27.0
Armour         | 3 4 5 7 8 10 11 12 13 14 15 16 17 18 19 20 22 23 27 | 27.0
Dodging        | 3 4 5 6 7 8 10 | 10.9
Bows           | 4 6 8 9 11 12 14 15 16 17 18 19 20 21 22 23 24 26 27 | 27.0
Stealth        | 1 2 3 4 5 8 |  8.2
Evocations     | 4 |  4.0
Throwing       | 4 |  4.3
Unarmed Combat | 4 |  4.7
Spellcasting   | 2 |  2.8

Action                   |  1- 3 |  4- 6 |  7- 9 | 10-12 | 13-15 | 16-18 | 19-21 | 22-24 | 25-27 || total
-------------------------+-------+-------+-------+-------+-------+-------+-------+-------+-------++-------
Melee: Hand axe          |    70 |    18 |       |       |       |       |       |       |       ||    88
       Headbutt          |     4 |    24 |    59 |    98 |    93 |   156 |   194 |   209 |   332 ||  1169
       War axe           |       |   124 |   253 |   330 |       |       |       |       |       ||   707
       Battleaxe         |       |       |       |   133 |   505 |   582 |   654 |   553 |   275 ||  2702
       Shortbow          |       |       |       |       |     2 |       |       |       |       ||     2
       Executioner's axe |       |       |       |       |       |       |       |       |   667 ||   667
 Fire: Shortbow          |       |       |    94 |   330 |   903 |  1147 |   440 |       |       ||  2914
       Longbow           |       |       |       |       |       |     6 |   437 |   922 |  1305 ||  2670
Invok: Berserk           |       |     3 |     2 |     4 |     4 |     7 |     2 |     2 |     6 ||    30
       Burn Spellbooks   |       |       |     2 |     4 |     5 |     4 |     5 |    11 |     6 ||    37
       Brothers in Arms  |       |       |       |     1 |       |     1 |     1 |     1 |       ||     4
Evoke: Wand              |       |       |       |     1 |       |       |       |       |       ||     1
  Use: Scroll            |       |       |       |    11 |    16 |    19 |     7 |    19 |     8 ||    80
       Potion            |       |       |       |       |       |     5 |       |     1 |     1 ||     7
 Stab: Confused          |       |       |       |       |       |     1 |       |       |       ||     1
       Distracted        |       |       |       |       |       |       |       |     1 |     1 ||     2
  Eat: Chunk             |       |     9 |    16 |    30 |    40 |    32 |    37 |    34 |    30 ||   228
       Royal jelly       |       |       |       |     1 |     1 |     2 |     2 |     2 |     9 ||    17
       Fruit             |       |       |       |     1 |       |     3 |     3 |     1 |     1 ||     9
       Bread ration      |       |       |       |     1 |       |       |       |       |       ||     1
       Meat ration       |       |       |       |       |       |     1 |       |       |       ||     1
Armor: Animal skin       |    22 |     2 |       |       |       |       |       |       |       ||    24
       Chain mail        |       |    90 |   155 |   151 |       |       |       |       |       ||   396
       Plate armour      |       |       |       |   163 |   394 |   650 |   321 |   290 |       ||  1818
       Gold dragon scale |       |       |       |       |       |       |       |    99 |   740 ||   839
Dodge: Dodged            |    46 |    72 |   124 |   243 |   274 |   353 |   294 |   319 |   597 ||  2322

Table legend:
 A = Spawn XP
 B = Non-spawn XP
 C = Spawn XP percentage of total XP
 D = Spawn monster count
 E = Non-spawn monster count
 F = Spawn count percentage of total count
 G = Total turns spent on level
                    A         B        C        D         E        F      G
               +---------+---------+-------+---------+---------+-------+---------
         Total |  238805 | 1538627 |  13.4 |     427 |    2528 |  14.5 | 81796
               +---------+---------+-------+---------+---------+-------+---------
           D:1 |       3 |      28 |   9.7 |       2 |      15 |  11.8 |   673
           D:2 |       4 |      51 |   7.3 |       2 |      12 |  14.3 |   410
           D:3 |      24 |     113 |  17.5 |       6 |      34 |  15.0 |  1528
           D:4 |       2 |     618 |   0.3 |       2 |      22 |   8.3 |   947
           D:5 |       5 |     628 |   0.8 |       1 |      17 |   5.6 |   846
           D:6 |     127 |     669 |  16.0 |       4 |      23 |  14.8 |  1237
           D:7 |     459 |     630 |  42.1 |      12 |      12 |  50.0 |  1028
           D:8 |      63 |    1174 |   5.1 |       1 |      10 |   9.1 |   882
           D:9 |     296 |      98 |  75.1 |       1 |       3 |  25.0 |   483
          D:10 |     910 |    4911 |  15.6 |       1 |      29 |   3.3 |  1283
          D:11 |    1090 |    5752 |  15.9 |       4 |      32 |  11.1 |  1134
          D:12 |       0 |    5472 |   0.0 |       0 |      18 |   0.0 |   980
          D:13 |       0 |   14847 |   0.0 |       0 |      58 |   0.0 |   893
          D:14 |    2512 |   10626 |  19.1 |       5 |      29 |  14.7 |  1048
          D:15 |     133 |    7714 |   1.7 |       2 |      18 |  10.0 |  1324
        Lair:1 |     266 |    5852 |   4.3 |       2 |      29 |   6.5 |  1498
        Lair:2 |     243 |    2903 |   7.7 |       2 |      14 |  12.5 |  1188
        Lair:3 |     111 |    5006 |   2.2 |       1 |      25 |   3.8 |  1200
        Lair:4 |     869 |   11284 |   7.2 |       4 |      62 |   6.1 |  1963
        Lair:5 |     763 |    9280 |   7.6 |       3 |      35 |   7.9 |   987
        Lair:6 |    2098 |   15531 |  11.9 |      11 |      34 |  24.4 |  2015
       Swamp:1 |    1908 |    5081 |  27.3 |       3 |      18 |  14.3 |   776
       Swamp:2 |       0 |   10140 |   0.0 |       0 |      28 |   0.0 |   893
       Swamp:3 |     654 |   10673 |   5.8 |       1 |      23 |   4.2 |  1236
       Swamp:4 |    3669 |   30190 |  10.8 |       5 |      48 |   9.4 |  1470
      Spider:1 |    4711 |   13132 |  26.4 |      12 |      40 |  23.1 |   997
      Spider:2 |    8394 |   24094 |  25.8 |      21 |      61 |  25.6 |  2125
      Spider:3 |    3458 |   11652 |  22.9 |       2 |      28 |   6.7 |   683
      Spider:4 |    5771 |   43038 |  11.8 |      13 |      84 |  13.4 |  2664
         Orc:1 |    1834 |    2344 |  43.9 |      14 |      29 |  32.6 |   597
         Orc:2 |    5290 |    6660 |  44.3 |      39 |      53 |  42.4 |  1783
         Elf:1 |    2148 |   28138 |   7.1 |       4 |      44 |   8.3 |  1487
         Elf:2 |    1323 |   34855 |   3.7 |       3 |      44 |   6.4 |  2202
         Elf:3 |   11647 |   65994 |  15.0 |      17 |      60 |  22.1 |  2226
      Vaults:1 |   12593 |   35704 |  26.1 |      21 |      73 |  22.3 |  2938
      Vaults:2 |    3307 |   49883 |   6.2 |       5 |      98 |   4.9 |  2710
      Vaults:3 |   17006 |   51066 |  25.0 |      31 |      72 |  30.1 |  2614
      Vaults:4 |   31200 |  117180 |  21.0 |      41 |     153 |  21.1 |  4067
      Vaults:5 |   17205 |  170780 |   9.2 |      18 |     124 |  12.7 |  2899
       Crypt:1 |    5140 |   21854 |  19.0 |       6 |      36 |  14.3 |  1332
       Crypt:2 |    4952 |   16818 |  22.7 |       4 |      41 |   8.9 |   780
       Crypt:3 |    9758 |   59570 |  14.1 |      10 |      72 |  12.2 |  2343
      Depths:1 |    4004 |   21545 |  15.7 |       6 |      23 |  20.7 |  1164
      Depths:2 |   19499 |   63557 |  23.5 |      25 |      59 |  29.8 |  2334
      Depths:3 |   17865 |  134177 |  11.8 |      25 |     107 |  18.9 |  2652
      Depths:4 |    5650 |   58978 |   8.7 |       8 |      61 |  11.6 |  1824
      Depths:5 |   27491 |  101048 |  21.4 |      21 |      76 |  21.6 |  2712
          Hell |     328 |   34475 |   0.9 |       1 |      52 |   1.9 |  1074
         Geh:1 |       0 |   14596 |   0.0 |       0 |      25 |   0.0 |   151
         Geh:2 |       0 |    2466 |   0.0 |       0 |      10 |   0.0 |    39
         Geh:3 |     381 |   29888 |   1.3 |       1 |      59 |   1.7 |   645
         Geh:4 |       0 |   19374 |   0.0 |       0 |      46 |   0.0 |   284
         Geh:5 |     511 |    8551 |   5.6 |       1 |      25 |   3.8 |   443
         Geh:6 |       0 |    1395 |   0.0 |       0 |       3 |   0.0 |    22
         Geh:7 |    1130 |   82274 |   1.4 |       3 |     116 |   2.5 |  1119
           Lab |       0 |    1204 |   0.0 |       0 |       5 |   0.0 |  1763
         IceCv |       0 |    2732 |   0.0 |       0 |      11 |   0.0 |   531
    Desolation |       0 |   50334 |   0.0 |       0 |      90 |   0.0 |  2574
               +---------+---------+-------+---------+---------+-------+---------
